| TOP OF THE 1ST |
|
Toledo Mud Hens batting - Pitching for Salt Lake Bees : LHP Nigel Turner
|
|
Pitching: LHP Nigel Turner
|
|
|
Batting: SHB Raul Morales
|
0-0: Ground out 2-3 (Groundball, 15S, EV 75.0 MPH)
|
|
Batting: RHB Paul Wood
|
0-0: Called Strike 0-1: Swinging Strike 0-2: Ball 1-2: Strikes out swinging
|
|
Batting: LHB Andy Schumacher
|
0-0: Ball 1-0: Foul Ball, location: 2F 1-1: Foul Ball, location: 2F 1-2: Fly out, F3 (Flyball, 3D, EV 87.5 MPH)
|
| Top of the 1st over - 0 runs, 0 hits, 0 errors, 0 left on base; Toledo 0 - Salt Lake 0 |
| BOTTOM OF THE 1ST |
|
Salt Lake Bees batting - Pitching for Toledo Mud Hens : RHP Jose Esquibel
|
|
Pitching: RHP Jose Esquibel
|
|
|
Batting: RHB Mike Harkins
|
0-0: Called Strike 0-1: Swinging Strike 0-2: Ball 1-2: Ball 2-2: Foul Ball, location: 2F 2-2: Ground out 4-3 (Groundball, 4, EV 92.5 MPH)
|
|
Batting: RHB Reginald McDougall
|
0-0: Ball 1-0: Swinging Strike 1-1: Foul Ball, location: 2F 1-2: Foul Ball, location: 2F 1-2: Ground out 6-3 (Groundball, 6, EV 87.5 MPH)
|
|
Batting: RHB Andres Mendiola
|
0-0: Ball 1-0: Swinging Strike 1-1: Foul Ball, location: 2F 1-2: Ball 2-2: Fly out, F8 (Line Drive, 8LD, EV 93.1 MPH)
|
| Bottom of the 1st over - 0 runs, 0 hits, 0 errors, 0 left on base; Toledo 0 - Salt Lake 0 |
| TOP OF THE 2ND |
|
Toledo Mud Hens batting - Pitching for Salt Lake Bees : LHP Nigel Turner
|
|
Batting: RHB Tim Borden
|
0-0: Swinging Strike 0-1: Called Strike 0-2: Reached on error, E6 (Groundball, 6, EV 98.8 MPH)
|
|
Batting: RHB Zach Koblinski
|
0-0: Called Strike 0-1: Ball 1-1: SINGLE (Groundball, 56D, EV 102.5 MPH) Tim Borden to second
|
|
Batting: SHB Jamie Roberts
|
0-0: Ball 1-0: Ball 2-0: Fly out, F9 (Flyball, 9D, EV 93.8 MPH) Runner from 2nd tags up, SAFE at 3rd, no throw by RF
|
|
Batting: SHB Jared Boyce
|
0-0: Called Strike 0-1: Foul Ball, location: 2F 0-2: Ball 1-2: Ball 2-2: Strikes out swinging
|
|
Batting: RHB Josh Stinnett
|
0-0: Ball 1-0: Ball 2-0: Foul Ball, location: 2F 2-1: Foul Ball, location: 2F 2-2: Strikes out swinging
|
| Top of the 2nd over - 0 runs, 1 hit, 1 error, 2 left on base; Toledo 0 - Salt Lake 0 |
| BOTTOM OF THE 2ND |
|
Salt Lake Bees batting - Pitching for Toledo Mud Hens : RHP Jose Esquibel
|
|
Batting: LHB Vinny Carreno
|
0-0: Swinging Strike 0-1: Called Strike 0-2: Strikes out swinging
|
|
Batting: LHB Matt Patnaude
|
0-0: Called Strike 0-1: Foul Ball, location: 2F 0-2: Fly out, F6 (Popup, 4MS, EV 84.4 MPH)
|
|
Batting: RHB Cesar Ortega
|
0-0: Foul Ball, location: 2F 0-1: Ball 1-1: Ball 2-1: Fly out, F7 (Flyball, 7, EV 84.4 MPH)
|
| Bottom of the 2nd over - 0 runs, 0 hits, 0 errors, 0 left on base; Toledo 0 - Salt Lake 0 |
| TOP OF THE 3RD |
|
Toledo Mud Hens batting - Pitching for Salt Lake Bees : LHP Nigel Turner
|
|
Batting: LHB Jamel Alexander
|
0-0: Ball 1-0: Foul Ball, location: 2F 1-1: Ground out 5-3 (Groundball, 5S, EV 78.8 MPH)
|
|
Batting: SHB Raul Morales
|
0-0: Fly out, F8 (Flyball, 8LXD, EV 95.6 MPH)
|
|
Batting: RHB Paul Wood
|
0-0: Ball 1-0: Called Strike 1-1: Ball 2-1: Ball 3-1: Base on Balls
|
|
Batting: LHB Andy Schumacher
|
Pickoff Throw to First - Out! 1-3
|
| Top of the 3rd over - 0 runs, 0 hits, 0 errors, 0 left on base; Toledo 0 - Salt Lake 0 |
| BOTTOM OF THE 3RD |
|
Salt Lake Bees batting - Pitching for Toledo Mud Hens : RHP Jose Esquibel
|
|
Batting: SHB Brendan Bundy
|
0-0: Called Strike 0-1: Ground out 5-3 (Groundball, 56, EV 101.9 MPH)
|
|
Batting: RHB Ryan Marler
|
0-0: Foul Ball, location: 2F 0-1: Called Strike 0-2: Strikes out swinging
|
|
Batting: RHB Justin Noll
|
0-0: Fly out, F5 (Popup, 56S, EV 83.8 MPH)
|
| Bottom of the 3rd over - 0 runs, 0 hits, 0 errors, 0 left on base; Toledo 0 - Salt Lake 0 |
| TOP OF THE 4TH |
|
Toledo Mud Hens batting - Pitching for Salt Lake Bees : LHP Nigel Turner
|
|
Batting: LHB Andy Schumacher
|
0-0: Ball 1-0: Ground out U3 (Groundball, 3L, EV 85.0 MPH)
|
|
Batting: RHB Tim Borden
|
0-0: Ball 1-0: Foul Ball, location: 2F 1-1: Ball 2-1: Foul Ball, location: 2F 2-2: Ball 3-2: Strikes out swinging
|
|
Batting: RHB Zach Koblinski
|
0-0: Foul Ball, location: 2F 0-1: Fly out, F9 (Flyball, 9LM, EV 106.2 MPH)
|
| Top of the 4th over - 0 runs, 0 hits, 0 errors, 0 left on base; Toledo 0 - Salt Lake 0 |
| BOTTOM OF THE 4TH |
|
Salt Lake Bees batting - Pitching for Toledo Mud Hens : RHP Jose Esquibel
|
|
Batting: RHB Mike Harkins
|
0-0: Ball 1-0: Ball 2-0: Fly out, F9 (Line Drive, 9, EV 93.1 MPH)
|
|
Batting: RHB Reginald McDougall
|
0-0: Ball 1-0: Fly out, F7 (Line Drive, 7D, EV 103.8 MPH)
|
|
Batting: RHB Andres Mendiola
|
0-0: Swinging Strike 0-1: Ball 1-1: Ball 2-1: Foul Ball, location: 2F 2-2: Strikes out swinging
|
| Bottom of the 4th over - 0 runs, 0 hits, 0 errors, 0 left on base; Toledo 0 - Salt Lake 0 |
| TOP OF THE 5TH |
|
Toledo Mud Hens batting - Pitching for Salt Lake Bees : LHP Nigel Turner
|
|
Batting: SHB Jamie Roberts
|
0-0: Called Strike 0-1: Swinging Strike 0-2: Strikes out swinging
|
|
Batting: SHB Jared Boyce
|
0-0: Ball 1-0: Fly out, F4 (Popup, 4S, EV 80.6 MPH)
|
|
Batting: RHB Josh Stinnett
|
0-0: Foul Ball, location: 2F 0-1: Foul Ball, location: 2F 0-2: Foul Ball, location: 2F 0-2: Fly out, F4 (Line Drive, 4, EV 65.6 MPH)
|
| Top of the 5th over - 0 runs, 0 hits, 0 errors, 0 left on base; Toledo 0 - Salt Lake 0 |
| BOTTOM OF THE 5TH |
|
Salt Lake Bees batting - Pitching for Toledo Mud Hens : RHP Jose Esquibel
|
|
Batting: LHB Vinny Carreno
|
0-0: Ball 1-0: Foul Ball, location: 2F 1-1: Ball 2-1: Foul Ball, location: 2F 2-2: Foul Ball, location: 2F 2-2: Ball 3-2: Strikes out swinging
|
|
Batting: LHB Matt Patnaude
|
0-0: Ball 1-0: Swinging Strike 1-1: Ball 2-1: Foul Ball, location: 2F 2-2: Ball 3-2: Base on Balls
|
|
Batting: RHB Cesar Ortega
|
0-0: Called Strike 0-1: Swinging Strike 0-2: Ball 1-2: Fielders Choice at 2nd, 5-4 (Groundball, 56, EV 99.4 MPH)
|
|
Batting: SHB Brendan Bundy
|
0-0: Ball 1-0: Called Strike Cesar Ortega steals 2nd, throwing error, E2 Cesar Ortega to third 1-1: Ball 2-1: Called Strike 2-2: Ground out U3 (Groundball, 34, EV 80.6 MPH)
|
| Bottom of the 5th over - 0 runs, 0 hits, 1 error, 1 left on base; Toledo 0 - Salt Lake 0 |
| TOP OF THE 6TH |
|
Toledo Mud Hens batting - Pitching for Salt Lake Bees : LHP Nigel Turner
|
|
Batting: LHB Jamel Alexander
|
0-0: Ball 1-0: Foul Ball, location: 2F 1-1: Foul Ball, location: 2F 1-2: Strikes out swinging
|
|
Batting: SHB Raul Morales
|
0-0: Ground out 4-3 (Groundball, 4MD, EV 87.5 MPH)
|
|
Batting: RHB Paul Wood
|
0-0: Called Strike 0-1: Called Strike 0-2: Ball 1-2: Foul Ball, location: 2F 1-2: DOUBLE (Line Drive, 89D, EV 103.1 MPH)
|
|
Batting: LHB Andy Schumacher
|
0-0: Foul Ball, location: 2F 0-1: Foul Ball, location: 2F 0-2: Ball 1-2: Ball 2-2: Ball 3-2: Foul Ball, location: 2F 3-2: Base on Balls
|
|
Pitching: LHP Pete Zamarron
|
|
|
Batting: RHB Tim Borden
|
0-0: Foul Ball, location: 2F 0-1: Ball 1-1: Foul Ball, location: 2F 1-2: Ball 2-2: Ball 3-2: SINGLE (Groundball, 56D, EV 106.9 MPH) Paul Wood to third Andy Schumacher to second Paul Wood scores Andy Schumacher to third
|
|
Batting: RHB Zach Koblinski
|
0-0: Called Strike 0-1: Ball 1-1: Ball 2-1: Ball 3-1: Fly out, F9 (Flyball, 9D, EV 76.9 MPH)
|
| Top of the 6th over - 1 run, 2 hits, 0 errors, 2 left on base; Toledo 1 - Salt Lake 0 |
| BOTTOM OF THE 6TH |
|
Salt Lake Bees batting - Pitching for Toledo Mud Hens : RHP Jose Esquibel
|
|
Batting: RHB Ryan Marler
|
0-0: Swinging Strike 0-1: Foul Ball, location: 2F 0-2: Ball 1-2: SINGLE (Groundball, 6MD, EV 99.4 MPH)
|
|
Batting: RHB Justin Noll
|
0-0: Ball Ryan Marler steals 2nd base 1-0: Called Strike 1-1: Called Strike 1-2: Ball 2-2: Strikes out swinging
|
|
Batting: RHB Mike Harkins
|
0-0: Ball 1-0: Ground out 4-3 (Groundball, 4, EV 96.2 MPH) Ryan Marler to third
|
|
Batting: RHB Reginald McDougall
|
0-0: Called Strike 0-1: Ball 1-1: Called Strike 1-2: Foul Ball, location: 2F 1-2: Foul Ball, location: 2F 1-2: Ball 2-2: SINGLE (Line Drive, 9S, EV 104.4 MPH) Ryan Marler scores
|
|
Batting: RHB Andres Mendiola
|
0-0: Ball Reginald McDougall steals 2nd, throwing error, E2 Reginald McDougall to third 1-0: Swinging Strike 1-1: Foul Ball, location: 2F 1-2: Ball 2-2: Strikes out swinging
|
| Bottom of the 6th over - 1 run, 2 hits, 1 error, 1 left on base; Toledo 1 - Salt Lake 1 |
| TOP OF THE 7TH |
|
Toledo Mud Hens batting - Pitching for Salt Lake Bees : LHP Pete Zamarron
|
|
Batting: SHB Jamie Roberts
|
0-0: Called Strike 0-1: Ball 1-1: SINGLE (Groundball, 6MD, EV 108.1 MPH)
|
|
Batting: SHB Jared Boyce
|
0-0: Called Strike 0-1: Ball 1-1: SINGLE (Groundball, 4D, EV 102.5 MPH) Jamie Roberts to second Runner from 2nd tries for 3rd, OUT! 8-5
|
|
Batting: RHB Josh Stinnett
|
0-0: Called Strike 0-1: Foul Ball, location: 2F 0-2: Strikes out swinging
|
|
Pinch Hitting: RHB Dave Calder
|
0-0: Ball 1-0: Ball 2-0: Called Strike 2-1: Called Strike 2-2: Ball 3-2: Base on Balls Jared Boyce to second
|
|
Batting: SHB Raul Morales
|
0-0: Foul Ball, location: 2F 0-1: Fly out, F7 (Line Drive, 7S, EV 111.2 MPH)
|
| Top of the 7th over - 0 runs, 2 hits, 0 errors, 2 left on base; Toledo 1 - Salt Lake 1 |
| BOTTOM OF THE 7TH |
|
Salt Lake Bees batting - Pitching for Toledo Mud Hens : RHP Jose Esquibel
|
|
Now in CF: Paul Wood
|
|
|
Now in RF: Dave Calder
|
|
|
Batting: LHB Vinny Carreno
|
0-0: Ball 1-0: Ball 2-0: Called Strike 2-1: Ball 3-1: DOUBLE (Line Drive, 89M, EV 97.5 MPH)
|
|
Batting: LHB Matt Patnaude
|
0-0: Intentional Walk
|
|
Batting: RHB Cesar Ortega
|
0-0: Ball 1-0: Fly out, F6 (Popup, P, EV 76.9 MPH)
|
|
Batting: SHB Brendan Bundy
|
0-0: Ball 1-0: Foul Ball, location: 2F 1-1: Foul Ball, location: 2F 1-2: Grounds out, U3 (Groundball, 3L, EV 89.4 MPH) Vinny Carreno to third
|
|
Batting: RHB Ryan Marler
|
0-0: Ball 1-0: Ball 2-0: Called Strike 2-1: Ball 3-1: Swinging Strike 3-2: Base on Balls
|
|
Pitching: RHP Will Lane
|
|
|
Batting: RHB Justin Noll
|
0-0: Called Strike 0-1: Called Strike 0-2: Ball 1-2: Foul Ball, location: 2F 1-2: Strikes out swinging
|
| Bottom of the 7th over - 0 runs, 1 hit, 0 errors, 3 left on base; Toledo 1 - Salt Lake 1 |
| TOP OF THE 8TH |
|
Toledo Mud Hens batting - Pitching for Salt Lake Bees : LHP Pete Zamarron
|
|
Pitching: RHP Ben Sedlacek
|
|
|
Batting: RHB Paul Wood
|
0-0: Ball 1-0: Called Strike 1-1: Ball 2-1: Foul Ball, location: 2F 2-2: Ball 3-2: Strikes out swinging
|
|
Batting: LHB Andy Schumacher
|
0-0: Hit by Pitch
|
|
Batting: RHB Tim Borden
|
0-0: Called Strike 0-1: Ball 1-1: Ball 2-1: Foul Ball, location: 2F 2-2: Foul Ball, location: 2F 2-2: Foul Ball, location: 2F 2-2: SINGLE (Groundball, 15S, EV 65.6 MPH) (infield hit) Andy Schumacher to second
|
|
Batting: RHB Zach Koblinski
|
0-0: Called Strike 0-1: Swinging Strike 0-2: Strikes out swinging
|
|
Batting: SHB Jamie Roberts
|
0-0: Foul Ball, location: 2F 0-1: Foul Ball, location: 2F 0-2: Foul Ball, location: 2F 0-2: Ball 1-2: SINGLE (Line Drive, 9S, EV 105.0 MPH) Andy Schumacher to third Tim Borden to second Runner from 3rd tries for Home, SAFE, throw by RF to home
|
|
Batting: SHB Jared Boyce
|
0-0: 3-RUN HOME RUN (Line Drive, 9D, EV 100.0 MPH), Distance : 386 ft
|
|
Pitching: LHP Nick Yarbrough
|
|
|
Batting: RHB Josh Stinnett
|
0-0: Swinging Strike 0-1: Ball 1-1: Called Strike 1-2: Strikes out swinging
|
| Top of the 8th over - 4 runs, 3 hits, 0 errors, 0 left on base; Toledo 5 - Salt Lake 1 |
| BOTTOM OF THE 8TH |
|
Salt Lake Bees batting - Pitching for Toledo Mud Hens : RHP Will Lane
|
|
Batting: RHB Mike Harkins
|
0-0: Ball 1-0: Called Strike 1-1: Ball 2-1: Ball 3-1: Foul Ball, location: 2F 3-2: Ground out 6-3 (Groundball, 6, EV 93.8 MPH)
|
|
Batting: RHB Reginald McDougall
|
0-0: Ball 1-0: Swinging Strike 1-1: Ball 2-1: Foul Ball, location: 2F 2-2: Ball 3-2: Base on Balls
|
|
Batting: RHB Andres Mendiola
|
0-0: Swinging Strike 0-1: Ball 1-1: Fielders Choice at 2nd, 5-4 (Groundball, 56, EV 88.8 MPH)
|
|
Batting: LHB Vinny Carreno
|
0-0: Foul Ball, location: 2F 0-1: Swinging Strike 0-2: Ball 1-2: Strikes out swinging
|
| Bottom of the 8th over - 0 runs, 0 hits, 0 errors, 1 left on base; Toledo 5 - Salt Lake 1 |
| TOP OF THE 9TH |
|
Toledo Mud Hens batting - Pitching for Salt Lake Bees : LHP Nick Yarbrough
|
|
Batting: RHB Dave Calder
|
0-0: Ball 1-0: Ball 2-0: Swinging Strike 2-1: Ball 3-1: Base on Balls
|
|
Batting: SHB Raul Morales
|
0-0: Grounds into double play, 5-4-3 (Groundball, 56S, EV 91.9 MPH)
|
|
Batting: RHB Paul Wood
|
0-0: Called Strike 0-1: Called Strike 0-2: Ball 1-2: Strikes out looking
|
| Top of the 9th over - 0 runs, 0 hits, 0 errors, 0 left on base; Toledo 5 - Salt Lake 1 |
| BOTTOM OF THE 9TH |
|
Salt Lake Bees batting - Pitching for Toledo Mud Hens : RHP Will Lane
|
|
Batting: LHB Matt Patnaude
|
0-0: Fly out, F9 (Flyball, 89S, EV 76.2 MPH)
|
|
Batting: RHB Cesar Ortega
|
0-0: Ball 1-0: Called Strike 1-1: Ball 2-1: Foul Ball, location: 2F 2-2: Strikes out looking
|
|
Batting: SHB Brendan Bundy
|
0-0: Called Strike 0-1: Foul Ball, location: 2F 0-2: Strikes out swinging
|
| Bottom of the 9th over - 0 runs, 0 hits, 0 errors, 0 left on base; Toledo 5 - Salt Lake 1 |
|